Map: Ulrena

Players

Hamyboyzz

  • Race: Zerg Zerg
  • League: Silver

pupu - Winner!

  • Race: Protoss Protoss
  • League: Silver

VOD

Have the link to the VOD?

Description

Time

  • Played on: April 15, 2016, 3:50 p.m.
  • Length: 5:45
Show
View Real Time Build Order
Export as new Build Order

Hamyboyzz Zerg 

Build Orders: Pool First 

Get SALT Encoding   

  12  0:01  Drone  
  13  0:13  Overlord  
  13  0:17  Drone  
  14  0:23  Extractor, Drone  
  15  0:33  Drone  
  16  0:41  Drone  
  17  0:49  Spawning Pool  
  16  0:51  Extractor, Drone  
  16  0:59  Drone  
  17  1:20  Hatchery  
  17  1:23  Drone  
  17  1:27  Drone  
  17  1:31  Drone  
  19  1:55  Drone x2  
  21  2:03  Overlord  
  21  2:04  Queen, Extractor  
  22  2:15  Metabolic Boost  
  22  2:20  Baneling Nest  
  20  2:24  Evolution Chamber  
  19  2:33  Drone  
  20  2:40  Drone  
  20  2:42  Drone x2  
  23  2:46  Pneumatized Carapace  
  23  2:56  Spine Crawler  
  22  2:59  Drone  
  22  3:03  Zergling x2  
  24  3:07  Zergling x2  
  24  3:10  Zergling x2  
  26  3:21  Zergling x4  
  26  3:22  Zergling x2  
  26  3:25  Zergling x2  
  30  3:28  Zergling x2  
  30  3:31  Zergling x2  
  32  3:37  Zergling x2  
  32  3:40  Zergling x2  
  34  3:49  Drone  
  34  3:50  Drone  
  36  3:57  Overlord  
  36  4:08  Spore Crawler  
  35  4:13  Queen  
  28  4:24  Spore Crawler  
  27  4:37  Drone  
  24  4:47  Drone  
  22  5:01  Drone x2  
  22  5:02  Drone  
  24  5:15  Spore Crawler  
  24  5:18  Spore Crawler  
Show
View Real Time Build Order
Export as new Build Order

pupu Protoss - Winner!

Build Orders: Oracle Opening 

Get SALT Encoding   

  12  0:02  Probe (Chrono Boost)  
  13  0:13  Probe (Chrono Boost)  
  14  0:19  Pylon  
  14  0:23  Probe (Chrono Boost)  
  15  0:37  Probe (Chrono Boost)  
  15  0:41  Gateway  
  16  0:48  Probe (Chrono Boost)  
  17  0:52  Assimilator  
  17  0:58  Probe (Chrono Boost)  
  17  1:00  Assimilator  
  18  1:09  Probe (Chrono Boost)  
  18  1:10  Pylon  
  19  1:20  Probe (Chrono Boost)  
  20  1:30  Cybernetics Core  
  20  1:32  Probe (Chrono Boost)  
  21  1:37  Zealot  
  23  1:48  Probe (Chrono Boost)  
  24  1:58  Probe (Chrono Boost)  
  25  2:09  Warp Gate (Chrono Boost)  
  25  2:21  Stargate  
  25  2:29  Adept  
  27  2:36  Nexus  
  27  2:43  Pylon  
  28  2:52  Mothership Core  
  29  3:01  Stalker  
  29  3:04  Oracle  
  34  3:14  Probe  
  34  3:19  Pylon  
  35  3:26  Probe  
  36  3:32  Gateway  
  36  3:38  Probe  
  37  3:50  Probe  
  37  3:54  Void Ray (Chrono Boost)  
  42  3:59  Probe  
  42  4:02  Probe  
  44  4:15  Zealot  
  44  4:46  Adept x2  
  48  5:08  Adept x2  
  56  5:33  Zealot x2  
  60  5:41  Gateway  
Tags
 
Add a new tag
Caveats
  • Supply blocks, unpowered buildings, or Contaminate may cause inaccurate times.
  • Supply counts are checked every 10 seconds.